AoeStats
← Dafixios

Migration

510148612Analyzed
1v1 RM · 4d ago on Sep 29, 2026· 71m 59s· 2 players
Game mode
Random Map
Map size
132×132
Population
200
Speed
Normal
Resources
Standard
Victory
Conquest
Starting age
Dark Age
Ending age
Imperial Age
RankedLock teamsTeams togetherTeam positionsShared explorationLock speedFull tech treeHidden civsTurbo modeCheats
Victory
Defeat
🇲🇽 Chinese · Mexico
1193
+14
🇸🇪 Italians · Sweden
1151
-14
janeling
6:31 Loom
10:53 Feudal Age
11:21 Town Watch
11:25 Double-Bit Axe
11:23 Fishing Lines
15:49 Fletching
19:18 Castle Age
17:15 Gold Mining
20:15 Medium Warships
20:19 Bodkin Arrow
23:44 Wheelbarrow
23:11 Gillnets
24:06 Bow Saw
25:02 Ballistics
25:07 Clinker Construction
25:20 Stone Mining
27:36 Siphons
28:21 Hand Cart
28:03 Horse Collar
37:41 Imperial Age
37:28 Heavy Plow
39:52 Chemistry
38:36 Demolition Ship
40:17 Heavy Warships
40:44 Bracer
42:04 Two-Man Saw
41:06 Elite Cannon Galleon
47:18 Incendiaries
47:40 Bloodlines
47:32 Husbandry
48:57 Scale Barding Armor
50:32 Carvel Hull
51:14 Hoardings
53:12 Treadmill Crane
57:16 Masonry
59:15 Murder Holes
66:41 Cavalier
71:11 Architecture
Dafixios
0:36 Loom
11:20 Feudal Age
11:54 Double-Bit Axe
14:32 Wheelbarrow
14:17 Fishing Lines
15:09 Town Watch
15:26 Fletching
21:57 Castle Age
22:53 Bodkin Arrow
23:13 Medium Warships
23:50 Careening
23:53 Clinker Construction
24:09 Ballistics
28:23 Hand Cart
29:50 Gillnets
33:43 Thumb Ring
36:46 Imperial Age
36:46 Siphons
39:29 Chemistry
41:16 Conscription
42:49 Heavy Warships
42:48 Town Patrol
52:54 Dry Dock
53:27 Crossbowman
54:38 Horse Collar
59:27 Bracer
63:10 Padded Archer Armor
64:24 Scale Barding Armor
68:17 Leather Archer Armor
71:19 Arbalester
Connection lost

Rejoining the realm…

Still unreachable

The connection could not be restored.

Session expired

The server has moved on; the page needs a fresh start.